 Dungeon Crawl Stone Soup version 0.18-a0-1577-gf591c28 (webtiles) character file.

25 M4edhros the Ducker (level 3, -2/23 HPs)
             Began as an Octopode Artificer on Mar 18, 2016.
             Slain by Grinder (4 damage)
             ... on level 3 of the Dungeon.
             The game lasted 00:01:23 (1403 turns).

M4edhros the Ducker (Octopode Artificer)            Turns: 1403, Time: 00:01:23

Health: -2/23      AC:  1    Str: 10    XL:     3   Next: 4%
Magic:  5/5        EV: 19    Int: 15    God:
Gold:   155        SH:  0    Dex: 17    Spells: 0 memorised, 2 levels left

rFire  . . .     SeeInvis .     a - +0 short sword
rCold  . . .     Gourm    .     (no shield)
rNeg   . . .     Faith    .     (helmet restricted)
rPois  .         Spirit   .     (no amulet)
rElec  .         Dismiss  .     (no ring)
rCorr  .         Reflect  .     (no ring)
SustAt .         Harm     .     (no ring)
MR     .....                    (no ring)
Stlth  ++++......               (no ring)
                                (no ring)
                                (no ring)
                                (no ring)

@: agile, not resistant to hostile enchantments, stealthy
A: almost no armour, amphibious, 8 rings, constrict 8, camouflage 1, gelatinous
body 1
a: no special abilities


You were on level 3 of the Dungeon.
You were not hungry.

You visited 1 branch of the dungeon, and saw 3 of its levels.

You collected 155 gold pieces.

Inventory:

Hand Weapons
 a - a +0 short sword (weapon)
Missiles
 n - 19 sling bullets
 p - 10 stones (quivered)
Wands
 b - a wand of flame (15/48)
 c - a wand of enslavement (13/24)
 d - a wand of random effects (14/48)
Scrolls
 h - 4 scrolls of remove curse {unknown}
 m - a scroll of enchant weapon {unknown}
 o - a scroll of identify {unknown}
 q - a scroll of amnesia {unknown}
 s - a scroll of fog {unknown}
 t - a scroll of noise {unknown}
Potions
 e - a potion of might {unknown}
 g - a potion of lignification {unknown}
 i - a potion of degeneration {unknown}
 k - 3 potions of agility
 l - a potion of curing
 r - a potion of haste {unknown}
Comestibles
 f - 2 bread rations
 j - a meat ration


   Skills:
 - Level 1.0 Fighting
 - Level 1.0 Short Blades
 + Level 3.4 Dodging
 - Level 1.3 Stealth
 - Level 3.2 Evocations


You had 2 spell levels left.
You didn't know any spells.

Dungeon Overview and Level Annotations

Branches:
Dungeon (3/15)

Altars:

Annotations:
D:3 Grinder, Ijyb, Sigmund


Innate Abilities, Weirdness & Mutations

You cannot wear most types of armour.
You are amphibious.
You can wear up to eight rings at the same time.
You can use your tentacles to constrict eight enemies at once.
Your skin changes colour to match your surroundings (Stealth).
Your rubbery body absorbs attacks (AC +1).


Message History

This wand has 14 charges left.
Grinder says, "Wait up."
Sigmund casts a spell.
Sigmund flickers and vanishes!
Deactivating autopickup; reactivate with Ctrl-A.
A giant newt comes into view.
Evoke which item? (* to show all) (? for menu, Esc to quit)
Zapping:
d - a wand of random effects (14/48)
Press: ? - help, Shift-Dir - straight line, f/p - Grinder
Aim: Grinder (severely wounded)
Okay, then.
Evoke which item? (* to show all) (? for menu, Esc to quit)
Zapping:
c - a wand of enslavement (14/24)
Press: ? - help, Shift-Dir - straight line, p - Grinder You detect the charmed Sigmund.
Reactivating autopickup.
This wand has 13 charges left.
Grinder hits you!
* * * LOW HITPOINT WARNING * * *
You writhe in agony.
You die...

###########
#.....#....$##
#.............###
#................#
.!...........@.(.#
#..........@5....###
#..<.........g.......
#................####
..................#
...................#
.......l.........#..#
.................##.#
...##............# ..


You could see Grinder, Ijyb, a giant newt and the friendly Sigmund (invisible).

Vanquished Creatures
  An adder (D:2)
  3 goblins
  3 hobgoblins
  2 kobolds (D:1)
  3 bats
  A giant newt (D:1)
  3 rats
16 creatures vanquished.

Vanquished Creatures (others)
  An ogre (D:3)
1 creature vanquished.

Grand Total: 17 creatures vanquished

Notes
Turn   | Place    | Note
--------------------------------------------------------------
     0 | D:1      | M4edhros the Octopode Artificer began the quest for the Orb.
     0 | D:1      | Reached XP level 1. HP: 13/13 MP: 3/3
   398 | D:1      | Reached XP level 2. HP: 15/18 MP: 4/4
  1240 | D:2      | Reached XP level 3. HP: 16/23 MP: 5/5
  1387 | D:3      | Noticed Grinder
  1387 | D:3      | Noticed Sigmund
  1387 | D:3      | Noticed an ogre
  1388 | D:3      | Noticed Ijyb
  1403 | D:3      | Slain by Grinder

Vault maps used:
D:1:      arrival_zaba_pyramid, minmay_misc_feat_columns
D:2:      first_bread
D:3:      minitemple, uniq_crazy_yiuf_cottage, uniq_iyjb, uniq_grinder,
          uniq_sigmund

Skill      XL: |  1  2 |
---------------+-------+-----
Dodging        | 3 |  3.4
Fighting       | |  1.0
Short Blades   | |  1.0
Stealth        | |  1.3
Evocations     | |  3.2

Action                   || total
-------------------------++-------
Melee: Short sword       ||    33
Evoke: Wand              ||     3
  Use: Potion            ||     2
 Stab: Sleeping          ||     8
  Eat: Chunk             ||     1
